Map: Paisaje nocturno EE

Players

SuperPenguin

  • Race: Zerg Zerg
  • League: Bronze
  • Spawn Location: 7:00

LemonSparkle

  • Race: Protoss Protoss
  • Spawn Location: 7:00

MrFercho - Winner!

  • Race: Zerg Zerg
  • League: Silver
  • Spawn Location: 1:00

TATORREA - Winner!

  • Race: Protoss Protoss
  • League: Silver
  • Spawn Location: 1:00

VOD

Have the link to the VOD?

Description

Time

  • Played on: June 21, 2020, 9:45 p.m.
  • Length: 15:39
Show
View Real Time Build Order
Export as new Build Order

SuperPenguin Zerg 

Build Orders: Pool First 

Get SALT Encoding   

  12  0:01  Drone  
  13  0:09  Drone  
  14  0:17  Overlord  
  14  0:22  Extractor  
  14  0:25  Drone  
  14  0:44  Spawning Pool, Drone  
  14  0:53  Drone x2  
  16  1:03  Drone  
  17  1:27  Hatchery  
  17  1:29  Drone  
  17  1:41  Queen  
  17  1:44  Zergling x2  
  20  1:49  Zergling x2  
  22  1:54  Zergling x2  
  22  2:00  Metabolic Boost  
  22  2:08  Extractor  
  21  2:09  Drone  
  22  2:27  Overlord x2  
  22  2:37  Roach Warren  
  22  2:39  Drone  
  22  3:02  Drone x4  
  26  3:13  Queen  
  28  3:26  Lair  
  28  3:32  Drone x2  
  30  3:46  Drone x3  
  33  3:52  Queen  
  35  4:07  Evolution Chamber  
  34  4:11  Drone x2  
  34  4:14  Roach  
  34  4:15  Roach  
  40  4:17  Drone x2  
  42  4:37  Roach  
  44  4:39  Overlord x2  
  44  4:43  Zerg Missile Weapons Level 1  
  44  4:44  Glial Reconstitution  
  44  4:52  Spore Crawler  
  44  4:54  Drone  
  44  5:01  Extractor, Drone  
  44  5:03  Drone  
  44  5:04  Drone  
  46  5:15  Hatchery  
  46  5:18  Roach  
  47  5:24  Drone  
  48  5:39  Overlord  
  48  5:41  Drone  
  48  5:42  Drone x7  
  56  5:53  Spire  
  55  6:01  Drone  
  55  6:02  Extractor, Drone x4  
  59  6:25  Roach x4  
  67  6:26  Overlord  
  67  6:32  Overlord x2  
  67  6:37  Zerg Ground Armor Level 1  
  67  6:39  Queen  
  69  6:41  Drone  
  69  6:44  Roach x2  
  69  6:46  Ravager  
  75  6:48  Ravager x2  
  77  6:58  Drone  
  78  7:05  Roach x4  
  78  7:06  Roach  
  88  7:08  Overlord  
  88  7:11  Drone  
  89  7:21  Zerg Flyer Armor Level 1  
  89  7:25  Pneumatized Carapace  
  89  7:26  Overseer  
  89  7:30  Roach  
  89  7:31  Roach x5  
  89  7:35  Ravager  
  89  7:36  Ravager x2  
  104  7:37  Ravager  
  105  7:58  Overlord x3  
  105  8:01  Drone  
  106  8:08  Extractor  
  105  8:18  Drone  
  105  8:19  Drone x12  
  118  8:22  Extractor  
  117  8:35  Drone  
  117  8:39  Mutalisk x2  
  117  8:40  Mutalisk x3  
  128  9:11  Corruptor  
  128  9:13  Overlord x2  
  128  9:14  Overlord x2  
  128  9:15  Zerg Flyer Weapons Level 1  
  130  9:21  Overlord  
  130  9:22  Overlord  
  130  9:39  Mutalisk x3  
  130  9:40  Mutalisk x7  
  150  9:50  Hatchery  
  149  10:05  Infestation Pit  
  148  10:08  Corruptor x4  
  148  10:11  Overlord x3  
  148  10:12  Overlord x2  
  148  10:13  Overseer  
  156  10:36  Zerg Ground Armor Level 2  
  156  10:47  Mutalisk  
  156  10:48  Mutalisk x3  
  164  11:08  Drone  
  164  11:09  Drone  
  164  11:10  Drone x7  
  173  11:53  Roach  
  183  11:54  Roach x12  
  199  12:01  Overseer  
  199  12:13  Extractor, Drone  
  199  12:16  Extractor  
  199  12:20  Hive  
  163  12:43  Roach  
  143  12:44  Roach x8  
  139  13:01  Roach  
  139  13:02  Roach x2  
  142  13:18  Roach  
  142  13:19  Roach x5  
  111  13:54  Roach x3  
  111  13:55  Roach x8  
  93  14:09  Roach  
  97  14:10  Roach x2  
  97  14:26  Roach x2  
  97  14:27  Roach x2  
  103  14:43  Roach  
  103  14:44  Roach x9  
Show
View Real Time Build Order
Export as new Build Order

LemonSparkle Protoss 

Build Orders: Carriers 

Get SALT Encoding   

  12  0:01  Probe  
  13  0:13  Probe  
  14  0:19  Pylon  
  14  0:25  Probe  
  15  0:37  Probe  
  15  0:41  Gateway  
  16  0:49  Probe  
  17  1:01  Gateway, Probe  
  18  1:09  Pylon  
  18  1:13  Probe  
  18  1:15  Assimilator  
  19  1:25  Probe  
  20  1:37  Probe  
  21  1:47  Cybernetics Core  
  21  1:50  Probe  
  21  1:52  Assimilator  
  22  2:02  Probe  
  23  2:14  Probe  
  24  2:16  Nexus  
  23  2:24  Warp Gate, Pylon  
  23  2:27  Assimilator  
  23  2:28  Probe  
  24  2:40  Probe  
  24  2:41  Stalker  
  27  2:50  Stalker  
  29  2:58  Probe  
  30  3:10  Probe, Stargate  
  31  3:14  Pylon  
  31  3:22  Stalker, Probe  
  34  3:32  Probe  
  35  3:34  Probe  
  36  3:44  Probe  
  36  3:46  Probe  
  38  3:57  Probe  
  38  3:58  Probe  
  38  4:01  Stalker x2  
  44  4:09  Probe  
  45  4:11  Probe  
  45  4:14  Fleet Beacon  
  46  4:21  Cybernetics Core  
  46  4:28  Phoenix  
  48  4:32  Probe x2  
  50  4:44  Probe  
  50  4:45  Probe  
  52  4:59  Probe x2  
  54  5:11  Probe  
  54  5:12  Probe  
  56  5:17  Carrier  
  62  5:22  Pylon  
  62  5:24  Pylon  
  62  5:27  Pylon  
  62  5:30  Pylon  
  62  5:32  Pylon  
  62  5:40  Probe x2  
  62  5:41  Nexus  
  64  5:43  Pylon  
  64  5:45  Assimilator  
  64  5:52  Probe x2  
  66  5:59  Stargate x2  
  66  6:01  Pylon  
  66  6:04  Probe x2  
  68  6:17  Probe x2  
  70  6:29  Probe  
  70  6:30  Carrier  
  71  6:37  Stalker x2  
  79  6:46  Probe x2  
  77  6:51  Pylon  
  77  6:52  Pylon  
  75  6:57  Probe  
  75  6:58  Probe x2  
  78  7:09  Assimilator, Probe  
  78  7:10  Assimilator, Probe x2  
  81  7:19  Forge  
  81  7:21  Probe  
  81  7:22  Probe  
  83  7:25  Protoss Air Weapons Level 1  
  83  7:26  Protoss Air Armor Level 1  
  83  7:31  Stalker x2  
  83  7:36  Carrier  
  93  7:45  Twilight Council  
  93  7:48  Probe x3  
  96  8:00  Probe x3  
  105  8:05  Carrier  
  105  8:12  Probe x3  
  108  8:24  Probe x3  
  111  8:31  Gateway  
  111  8:33  Gateway  
  111  8:35  Gateway  
  111  8:36  Gateway, Probe x3  
  111  8:39  Carrier  
  111  8:41  Carrier  
  126  8:42  Gateway  
  126  8:43  Gateway  
  126  8:45  Gateway  
  126  8:48  Probe  
  127  8:49  Probe  
  128  10:01  Nexus  
  128  10:04  Pylon x2  
  128  10:08  Zealot  
  128  10:09  Zealot x6  
  128  10:10  Zealot x2  
  146  10:21  Pylon  
  146  10:22  Pylon  
  146  10:23  Pylon  
  146  10:24  Carrier x2  
  146  10:25  Pylon x2, Carrier  
  146  10:26  Pylon x2  
  146  10:28  Pylon x2  
  146  10:29  Pylon  
  146  10:31  Assimilator  
  164  10:36  Assimilator  
  164  10:58  Stargate  
  164  11:11  Zealot x5  
  166  11:12  Zealot x4  
  182  11:29  Carrier x3  
  164  12:07  Robotics Facility  
  164  12:12  Stargate  
  164  12:15  Pylon  
  164  12:19  Pylon  
  164  12:20  Pylon  
  164  12:23  Pylon  
  164  12:24  Pylon  
  164  12:32  Tempest x2  
  164  12:33  Tempest  
  161  13:15  Tempest x3  
  140  13:49  Zealot x6  
  140  13:50  Zealot x3  
  126  13:58  Tempest  
  126  13:59  Carrier x2  
Show
View Real Time Build Order
Export as new Build Order

MrFercho Zerg - Winner!

Build Orders: Hatch First, Lurkers 

Get SALT Encoding   

  12  0:01  Drone  
  13  0:18  Overlord  
  13  0:19  Drone  
  14  0:36  Drone x2  
  14  0:42  Drone  
  17  1:00  Drone  
  17  1:03  Hatchery  
  17  1:15  Spawning Pool, Drone  
  17  1:25  Overlord  
  17  1:26  Drone  
  18  1:37  Drone  
  19  1:44  Extractor, Drone  
  19  1:57  Drone  
  20  2:20  Drone x3  
  20  2:22  Queen x2  
  27  2:33  Roach Warren  
  27  2:34  Zergling x4  
  28  2:43  Drone  
  28  2:44  Drone  
  30  2:47  Overlord  
  30  2:49  Drone  
  31  3:00  Evolution Chamber  
  31  3:01  Queen  
  32  3:10  Lair  
  32  3:12  Drone  
  33  3:13  Drone x3  
  36  3:20  Drone  
  36  3:21  Drone  
  36  3:24  Extractor  
  37  3:34  Zerg Missile Weapons Level 1  
  37  3:49  Overlord x2  
  37  4:04  Overlord x3  
  37  4:09  Drone x7  
  44  4:12  Overlord x3  
  44  4:23  Extractor  
  43  4:27  Overseer  
  43  4:41  Evolution Chamber, Drone x4  
  46  4:55  Roach  
  46  4:56  Roach x5  
  58  5:07  Drone x2  
  60  5:20  Spine Crawler, Spore Crawler  
  58  5:26  Roach x3  
  64  5:34  Zergling x2  
  65  5:59  Zerg Ground Armor Level 1  
  65  6:01  Zerg Missile Weapons Level 2  
  65  6:09  Spore Crawler x2  
  63  6:22  Extractor  
  61  6:27  Hydralisk Den  
  59  6:55  Drone x3  
  59  6:59  Hatchery, Grooved Spines  
  59  7:01  Drone  
  62  7:03  Extractor x2, Drone x5  
  65  7:14  Hydralisk  
  67  7:17  Overlord x2  
  67  7:26  Infestation Pit  
  66  7:30  Hydralisk  
  66  7:31  Hydralisk  
  70  7:41  Lurker Den  
  69  7:47  Drone x2  
  71  8:00  Hatchery, Drone  
  71  8:01  Drone x2  
  71  8:03  Hatchery x2  
  71  8:08  Drone  
  71  8:09  Drone  
  71  8:10  Muscular Augments  
  73  8:36  Drone x7  
  73  8:37  Queen, Drone x2  
  84  8:46  Drone x3  
  87  9:10  Drone x8  
  87  9:14  Hydralisk x4  
  103  9:40  Hydralisk x2  
  103  9:41  Hydralisk x4  
  103  9:43  Overlord x12  
  103  9:44  Overlord  
  115  9:52  Zerg Ground Armor Level 2  
  114  9:56  Hive  
  114  10:02  Drone x2  
  114  10:04  Drone  
  114  10:05  Drone x10  
  127  10:22  Hatchery  
  127  10:25  Extractor  
  125  10:29  Extractor  
  125  10:33  Drone x4  
  125  10:34  Drone x4  
  125  10:35  Drone x2  
  134  10:36  Drone x2  
  136  10:54  Hydralisk x12  
  136  10:55  Hydralisk x3  
  166  11:00  Lurker x5  
  166  11:01  Lurker  
  172  11:15  Drone  
  172  11:16  Drone  
  174  11:19  Hydralisk  
  174  11:20  Hydralisk x3  
  174  11:23  Hatchery  
  181  11:27  Extractor  
  179  12:09  Hatchery, Hydralisk x6  
  179  12:10  Hydralisk x4  
  196  12:43  Hydralisk  
  196  12:44  Hydralisk x3  
  194  12:49  Seismic Spines  
  200  12:58  Spire  
  200  13:00  Spire  
  186  13:46  Adaptive Talons  
  186  13:53  Hydralisk x7  
  200  14:01  Pneumatized Carapace  
  200  14:02  Burrow  
  196  14:25  Infestor  
  196  14:26  Corruptor  
  186  15:02  Corruptor x7  
Show
View Real Time Build Order
Export as new Build Order

TATORREA Protoss - Winner!

Build Orders:  

Get SALT Encoding   

  12  0:01  Probe  
  13  0:13  Probe  
  14  0:24  Pylon  
  14  0:25  Probe  
  15  0:42  Probe  
  16  0:46  Gateway  
  16  0:54  Probe  
  17  1:01  Assimilator  
  17  1:02  Probe  
  17  1:07  Pylon  
  17  1:10  Probe  
  19  1:20  Probe  
  20  1:29  Assimilator  
  20  1:30  Probe  
  21  1:38  Probe  
  21  1:45  Cybernetics Core  
  21  1:47  Probe  
  22  1:50  Gateway  
  23  1:59  Probe  
  24  2:11  Probe  
  25  2:23  Probe  
  26  2:33  Nexus  
  26  2:35  Probe  
  26  2:36  Pylon  
  27  2:47  Pylon, Probe  
  28  2:55  Stalker  
  30  3:00  Probe  
  30  3:03  Stalker  
  33  3:16  Probe  
  34  3:24  Probe  
  34  3:33  Twilight Council  
  34  3:34  Pylon, Probe  
  35  3:36  Shield Battery  
  35  3:40  Warp Gate  
  36  3:45  Stalker  
  38  3:49  Sentry  
  38  3:50  Probe  
  38  3:51  Probe  
  42  4:02  Probe  
  43  4:03  Probe  
  44  4:12  Robotics Facility  
  44  4:14  Probe  
  44  4:15  Probe  
  46  4:19  Assimilator  
  46  4:22  Stalker  
  46  4:23  Stalker, Assimilator  
  50  4:26  Probe  
  50  4:27  Probe  
  53  4:38  Probe  
  53  4:39  Probe  
  54  4:50  Probe x2  
  56  4:58  Probe x2  
  56  5:04  Immortal  
  56  5:06  Probe  
  56  5:07  Probe  
  64  5:20  Probe  
  65  5:21  Probe  
  66  5:31  Stalker  
  66  5:32  Stalker  
  70  5:53  Pylon  
  70  5:56  Pylon, Nexus  
  70  5:58  Pylon  
  70  6:01  Pylon x2  
  70  6:03  Pylon  
  70  6:11  Probe x2, Observer  
  73  6:17  Forge  
  73  6:23  Forge, Probe x2  
  75  6:25  Stalker, Forge  
  75  6:26  Stalker  
  83  6:32  Immortal  
  83  6:35  Probe  
  84  6:49  Protoss Ground Armor Level 1, Protoss Ground Weapons Level 1, Protoss Shields Level 1  
  84  6:57  Stalker  
  86  7:09  Gateway  
  86  7:11  Gateway  
  86  7:13  Gateway  
  86  7:15  Gateway  
  86  7:16  Probe x2  
  86  7:17  Gateway  
  86  7:19  Gateway  
  88  7:23  Probe  
  88  7:24  Gateway  
  88  7:28  Gateway, Probe x2  
  91  7:31  Assimilator  
  91  7:35  Assimilator  
  91  7:37  Photon Cannon  
  91  7:38  Photon Cannon  
  91  7:42  Photon Cannon  
  91  7:47  Photon Cannon  
  91  7:50  Photon Cannon  
  91  7:54  Photon Cannon  
  91  7:57  Shield Battery  
  91  8:02  Shield Battery, Probe x3  
  94  8:14  Probe x3  
  97  8:21  Robotics Bay  
  97  8:25  Templar Archives  
  97  8:48  Pylon  
  97  8:52  Pylon  
  97  8:56  Pylon x2  
  97  9:03  Pylon, Protoss Ground Armor Level 2, Protoss Ground Weapons Level 2  
  97  9:04  Pylon  
  97  9:07  Protoss Shields Level 2  
  97  9:08  Pylon  
  97  9:09  Pylon  
  97  9:12  Stalker x4  
  97  9:13  Stalker x2  
  97  9:14  Stalker x3, Pylon  
  97  9:15  Stalker  
  117  9:19  Nexus  
  117  9:22  Pylon  
  117  9:48  Probe x3  
  120  9:59  Stalker x2  
  124  10:00  Stalker, Probe x3  
  124  10:01  Stalker  
  131  10:12  Probe x2  
  131  10:13  Probe  
  134  10:27  Gateway  
  134  10:30  Gateway  
  134  10:31  Nexus  
  134  10:33  Gateway  
  134  10:36  Gateway, Pylon  
  134  10:39  Gateway  
  134  10:40  Pylon, Probe x2  
  134  10:41  Probe x2  
  138  10:43  Gateway  
  138  10:46  Gateway  
  138  10:49  Gateway  
  138  10:52  Probe  
  139  10:59  Assimilator  
  139  11:03  Stalker x3, Assimilator  
  145  11:04  Stalker x2  
  145  11:05  Stalker x2  
  153  11:14  Assimilator  
  153  11:19  Assimilator  
  153  11:37  Stalker x2  
  153  11:38  Stalker x4  
  153  11:39  Stalker x4  
  170  11:40  Stalker x2  
  170  11:41  Stalker x2  
  174  12:06  Stalker x2  
  174  12:07  Stalker x4  
  174  12:08  Stalker x4  
  188  12:09  Stalker  
  188  12:10  Stalker  
  198  12:18  Stalker  
  181  12:57  High Templar x2  
  181  12:58  High Templar x5  
  191  12:59  High Templar x2  
  199  13:09  Archon  
  199  13:10  Archon x3  
  125  14:06  High Templar x2  
  125  14:07  High Templar x5  
  125  14:08  High Templar x4  
  125  14:09  High Templar x5  
  153  14:10  High Templar  
  151  14:19  Colossus  
  147  14:41  Archon  
  147  14:42  Archon x3  
  147  14:43  Archon x3  
  147  14:44  Archon  
  143  14:45  Stalker  
  143  14:46  Stalker x5  
  143  14:47  Stalker x6  
  143  14:48  Stalker x3  
  163  15:20  Stalker x9  
  177  15:23  Zealot x3  
  177  15:24  Zealot x3  
  177  15:25  Zealot x2  
Tags
 
Add a new tag
Caveats
  • Supply blocks, unpowered buildings, or Contaminate may cause inaccurate times.
  • Supply counts are checked every 10 seconds.